 Dungeon Crawl Stone Soup version 0.21-a0-442-g848f44b (webtiles) character file.

1024 kae the Slasher (level 8, -5/70 HPs)
             Began as a Minotaur Fighter on Nov 12, 2017.
             Slain by Prince Ribbit (7 damage)
             ... on level 4 of the Dungeon.
             The game lasted 00:05:47 (4678 turns).

kae the Slasher (Minotaur Fighter)                  Turns: 4678, Time: 00:05:48

Health: -5/70      AC:  8    Str: 22    XL:     8   Next: 2%
Magic:  7/7        EV:  8    Int:  7    God:
Gold:   351        SH: 10    Dex:  9    Spells: 7/7 levels left

rFire    . . .     SeeInvis .   s - +1 long sword (vamp)
rCold    . . .     Gourm    .   c - +0 shield
rNeg     . . .     Faith    .   b - +0 scale mail
rPois    .         Spirit   .   (helmet restricted)
rElec    .         Reflect  .   (no cloak)
rCorr    +         Harm     .   (no gloves)
MR       .....                  m - +0 pair of boots
Stlth    ..........             (no amulet)
HPRegen  0.21/turn              h - ring of resist corrosion
MPRegen  0.10/turn              (no ring)

@: no status effects
A: retaliatory headbutt, horns 2
a: no special abilities


You were on level 4 of the Dungeon.
You were very hungry.

You visited 1 branch of the dungeon, and saw 5 of its levels.
You also visited: Sewer.

You collected 403 gold pieces.
You spent 52 gold pieces at shops.

Inventory:

Hand Weapons
 a - a +1 long sword
 s - a +1 vampiric long sword (weapon)
Armour
 b - a +0 scale mail (worn)
 c - a +0 shield (worn)
 m - a +0 pair of boots (worn)
Jewellery
 h - a ring of resist corrosion (left hand)
Wands
 z - a wand of paralysis (24/24)
Scrolls
 n - 2 scrolls of teleportation
 r - a scroll of magic mapping
 v - a scroll of enchant weapon
Potions
 e - 2 potions of ambrosia
 k - a potion of berserk rage
 l - a potion of haste
 o - a potion of brilliance
 p - 3 potions of invisibility
 q - a potion of degeneration {unknown}
 t - 3 potions of flight
 u - 2 potions of lignification {unknown}
 x - a potion of mutation
Books
 i - a book of Air

   Spells                             Type                      Level
   a - Shock                          Conjuration/Air              1
   b - Swiftness                      Charms/Air                   2
   c - Static Discharge               Conjuration/Air              3
   d - Airstrike                      Air                          4
   e - Lightning Bolt                 Conjuration/Air              5
 j - a book of Minor Magic

   Spells                             Type                      Level
   a - Magic Dart                     Conjuration                  1
   b - Blink                          Translocation                2
   c - Call Imp                       Summoning                    2
   d - Slow                           Hexes                        2
   e - Conjure Flame                  Conjuration/Fire             3
   f - Mephitic Cloud                 Conjuration/Poison/Air       3
Comestibles
 d - a royal jelly
 f - 8 bread rations
 g - 3 meat rations


   Skills:
 + Level 6.1 Fighting
 * Level 7.4 Long Blades
 + Level 6.1 Armour
 + Level 6.1 Shields


You had 7 spell levels left.
You didn't know any spells.

Dungeon Overview and Level Annotations

Branches:
Dungeon (5/15)
 Temple: D:4-7

Altars:
Dithmenos
Fedhas
Hepliaklqana
Makhleb
Qazlal
Sif Muna

Shops:
D:5 ?

Annotations:
D:4 Prince Ribbit
D:5 Sigmund


Innate Abilities, Weirdness & Mutations

You reflexively headbutt those who attack you in melee.
You have a pair of horns on your head.


Message History

* * * LOW HITPOINT WARNING * * *
You hit Prince Ribbit.
You feel better.
Prince Ribbit is severely wounded.
You block Prince Ribbit's attack.
You miss Prince Ribbit. Your headbutt misses Prince Ribbit.
Prince Ribbit is severely wounded.
You block Prince Ribbit's attack. Prince Ribbit hits you!
* * * LOW HITPOINT WARNING * * *
You hit Prince Ribbit.
Prince Ribbit is severely wounded.
Prince Ribbit closely misses you.
Okay, then.
Evoke which item? (* to show all) (? for menu, Esc to quit)
Okay, then.
Okay, then.
Your shield and scale mail prevent you from hitting Prince Ribbit.
Your headbutt misses Prince Ribbit.
Prince Ribbit is severely wounded.
Prince Ribbit barely misses you. Prince Ribbit hits you!
You die...

#### ##..# #..##
##### #..### ##...##
##....#### #.....#
#........# #.....##
##.........
#...>..###..........
#..@....##....รท.....
#...F...##..........
#.......#...........
#...................
##...................
#.........#####....##
##......(.# #...##
#........# ##.##
#..#.....# ###


You could see Prince Ribbit.

Vanquished Creatures
  An ice beast (D:5)
  2 ogres
  The ghost of tof the Twirler, an amateur DsGl (D:3)
  A centaur (D:5)
  A bullfrog (D:5)
  A scorpion (D:4)
  2 crimson imps (D:5)
  An orc priest (D:3)
  A jelly (D:5)
  A bullfrog skeleton (D:5)
  2 hounds (D:4)
  Terence (D:2)
  2 worker ants (D:4)
  A hound zombie (D:5)
  6 adders
  A gnoll (D:5)
  3 oozes (Sewer)
  2 adder skeletons
  4 worms
  3 dart slugs
  6 leopard geckos
  4 orcs
  8 bats
  8 giant cockroaches
  A goblin (D:3)
  10 hobgoblins
  12 jackals
  3 quokkas
  3 ball pythons
  3 frilled lizards
  5 kobolds
  3 rats
103 creatures vanquished.

Vanquished Creatures (others)
  A worker ant (D:5)
1 creature vanquished.

Grand Total: 104 creatures vanquished

Notes
Turn   | Place    | Note
-------+----------+-------------------------------------------
     0 | D:1      | kae the Minotaur Fighter began the quest for the Orb.
     0 | D:1      | Reached XP level 1. HP: 19/19 MP: 0/0
    95 | D:1      | Reached XP level 2. HP: 27/27 MP: 1/1
   219 | D:1      | Reached skill level 3 in Long Blades
   431 | D:2      | Noticed Terence
   438 | D:2      | Killed Terence
   438 | D:2      | Reached XP level 3. HP: 32/33 MP: 2/2
   469 | D:2      | Found a shadowy altar of Dithmenos.
   963 | D:2      | Reached XP level 4. HP: 37/40 MP: 3/3
  1228 | D:3      | Reached skill level 4 in Long Blades
  1267 | D:3      | Found a hazy altar of Hepliaklqana.
  1396 | D:3      | Found a glowing drain.
  1406 | Sewer    | Entered a sewer
  1640 | Sewer    | Reached XP level 5. HP: 45/47 MP: 4/4
  2760 | D:3      | Noticed tof's ghost (amateur DsGl)
  3074 | D:3      | Killed tof's ghost
  3074 | D:3      | Reached skill level 5 in Long Blades
  3074 | D:3      | Reached XP level 6. HP: 52/55 MP: 5/5
  3139 | D:3      | Found a burning altar of Makhleb.
  3139 | D:3      | Noticed a balrug
  3142 | D:3      | Noticed a smoke demon
  3142 | D:3      | Noticed an orange demon
  3258 | D:4      | Reached skill level 5 in Fighting
  3258 | D:4      | Reached skill level 5 in Shields
  3284 | D:4      | Reached skill level 5 in Armour
  3379 | D:4      | Reached skill level 6 in Long Blades
  3578 | D:4      | Reached XP level 7. HP: 61/61 MP: 6/6
  3918 | D:5      | Entered Level 5 of the Dungeon
  3918 | D:5      | Noticed Sigmund
  3982 | D:5      | Found a stormy altar of Qazlal.
  3985 | D:5      | Found a blossoming altar of Fedhas.
  4116 | D:5      | Found Usiulaur's Magic Scroll Shop.
  4134 | D:5      | Reached skill level 7 in Long Blades
  4426 | D:5      | Bought a scroll of identify for 26 gold pieces
  4426 | D:5      | Bought a scroll of identify for 26 gold pieces
  4475 | D:5      | Reached XP level 8. HP: 70/70 MP: 7/7
  4484 | D:5      | Noticed Prince Ribbit
  4588 | D:5      | Found a deep blue altar of Sif Muna.
  4676 | D:4      | HP: 1/70 [Prince Ribbit (13)]
  4678 | D:4      | Slain by Prince Ribbit

Vault maps used:
D:1:      onia_arrival_pentagram
D:2:      grunt_dithmenos_smoke, uniq_terence
D:3:      lemuel_crystal_altar, makhleb_altar_promises_db, gup_sewer_entry_bowl
D:4:      first_bread
D:5:      grunt_temple_overflow_forces_of_nature, cheibrodos_ashenzari_chains,
          lemuel_crystal_altar, serial_shops, shop, lemuel_flame_loot_1,
          uniq_sigmund, uniq_prince_ribbit1, uniq_edmund
Sewer:    sewer_fruit_machine

Skill      XL: |  1  2  3  4  5  6  7 |
---------------+----------------------+-----
Long Blades    | 3 4 5 6 7 |  7.4
Fighting       | 4 5 6 |  6.1
Armour         | 4 5 6 |  6.1
Shields        | 4 5 6 |  6.1

Action                   |  1- 3 |  4- 6 |  7- 9 || total
-------------------------+-------+-------+-------++-------
Melee: Long sword        |    77 |   156 |    70 ||   303
       Headbutt          |    13 |    33 |    22 ||    68
  Use: Scroll            |       |    13 |     4 ||    17
       Potion            |       |     2 |       ||     2
  Eat: Chunk             |       |     9 |     3 ||    12
       Bread ration      |       |       |     1 ||     1
Armor: Scale mail        |    32 |    80 |    21 ||   133
Dodge: Dodged            |    16 |    37 |    20 ||    73
Block: Shield            |    37 |    82 |    33 ||   152
       Rpst.: Long sword |     5 |    12 |     5 ||    22

Table legend:
 A = Spawn XP
 B = Non-spawn XP
 C = Spawn XP percentage of total XP
 D = Spawn monster count
 E = Non-spawn monster count
 F = Spawn count percentage of total count
 G = Total turns spent on level
                    A         B        C        D         E        F      G
               +---------+---------+-------+---------+---------+-------+---------
         Total |       0 |    1464 |   0.0 |       0 |     103 |   0.0 |  4678
               +---------+---------+-------+---------+---------+-------+---------
           D:1 |       0 |      35 |   0.0 |       0 |      17 |   0.0 |   381
           D:2 |       0 |      78 |   0.0 |       0 |      15 |   0.0 |  1032
           D:3 |       0 |     236 |   0.0 |       0 |      24 |   0.0 |   950
           D:4 |       0 |     368 |   0.0 |       0 |      13 |   0.0 |   759
           D:5 |       0 |     671 |   0.0 |       0 |      12 |   0.0 |   691
         Sewer |       0 |      76 |   0.0 |       0 |      22 |   0.0 |   865
               +---------+---------+-------+---------+---------+-------+---------
